cohdb
Replays
Latest Replays
All Replays
Popular Replays
Top Player Replays
Match Explorer
How It Works
Community
CoH3 Stats
Reddit
Sign in to upload your games and track your stats! →
Sign in with Steam
Match 42969837
Unlisted
Match 42969837
Overview
Messages
Build Orders
End
Royal Engineer Section
Vickers Machine Gun Team
Construct Section Command Post
Infantry Section
Infantry Section
Infantry Section
Construct Platoon Command Post
Infantry Training
Selects Canadian Shock Battlegroup
Selects Burnout
Selects Attacking Spirit
Selects Canadian Shock Section
Construct Field Infirmary
Selects Pyrotechnics
Burnout
Unlock M3 Stuart Light Tanks
M3 Stuart Light Tank
M3 Stuart Light Tank
ßoo
ENIGMA
0
0
Comments
sign in to comment!
No comments posted yet!